Map: Overgrown Facility

Players

tNoMercy

  • Race: Protoss Protoss
  • League: Master
  • Spawn Location: 9:00

BruceLee

  • Race: Terran Terran
  • Spawn Location: 7:00

BenImmortal - Winner!

  • Race: Zerg Zerg
  • League: Master
  • Spawn Location: 1:00

Adversity - Winner!

  • Race: Terran Terran
  • Spawn Location: 3:00

VOD

Have the link to the VOD?

Description

Time

  • Played on: July 14, 2018, 1:53 p.m.
  • Length: 4:50
Show
View Real Time Build Order
Export as new Build Order

tNoMercy Protoss 

Build Orders: Dark Templar Rush 

Get SALT Encoding   

  12  0:01  Probe  
  13  0:13  Probe  
  14  0:18  Pylon  
  14  0:25  Probe  
  15  0:33  Probe  
  15  0:40  Gateway  
  15  0:41  Probe  
  16  0:48  Assimilator  
  17  0:50  Probe  
  17  0:56  Assimilator  
  18  0:59  Probe  
  19  1:07  Probe  
  20  1:18  Probe  
  20  1:25  Pylon  
  21  1:30  Probe  
  21  1:32  Cybernetics Core  
  22  1:43  Zealot  
  22  1:46  Probe  
  25  1:52  Warp Gate  
  25  2:00  Probe  
  26  2:09  Twilight Council  
  26  2:11  Stalker  
  27  2:28  Shield Battery  
  27  2:30  Probe  
  27  2:33  Shield Battery  
  28  2:37  Pylon  
  28  2:48  Dark Shrine  
  28  2:57  Gateway  
  28  3:07  Gateway  
  28  3:24  Shield Battery  
  28  3:39  Probe  
  29  3:58  Sentry  
  31  4:06  Dark Templar  
  31  4:08  Dark Templar  
  29  4:21  Dark Templar  
  29  4:23  Probe  
  30  4:31  Pylon x2  
Show
View Real Time Build Order
Export as new Build Order

BruceLee Terran 

Build Orders: Cyclone Opening 

Get SALT Encoding   

  12  0:03  SCV  
  13  0:15  SCV  
  14  0:22  Supply Depot  
  14  0:27  SCV  
  15  0:48  Refinery  
  15  0:59  Refinery  
  15  1:00  SCV  
  15  1:12  SCV  
  15  1:16  Barracks  
  16  1:24  SCV  
  16  1:36  SCV  
  16  1:38  Supply Depot  
  17  1:47  Refinery  
  17  1:48  SCV  
  18  2:00  SCV  
  19  2:03  Marine  
  20  2:08  Factory  
  20  2:14  Orbital Command  
  20  2:28  Barracks Tech Lab  
  20  2:40  SCV  
  21  2:48  Marauder  
  22  2:52  Cyclone  
  25  3:04  SCV  
    3:52  Orbital Command  
    4:28  SCV  
Show
View Real Time Build Order
Export as new Build Order

BenImmortal Zerg - Winner!

Build Orders: Pool First 

Get SALT Encoding   

  12  0:04  Drone  
  13  0:13  Overlord  
  13  0:18  Drone  
  14  0:31  Drone x2, Extractor  
  15  0:37  Drone  
  16  0:51  Spawning Pool  
  16  0:53  Drone  
  16  0:58  Drone  
  17  1:23  Hatchery  
  16  1:28  Drone  
  17  1:37  Metabolic Boost  
  17  1:45  Queen  
  19  1:49  Zergling x2  
  19  1:52  Zergling x2  
  21  1:58  Overlord  
  21  2:15  Zergling x2  
  21  2:21  Zergling x2  
  21  2:22  Zergling x2  
  24  2:24  Queen  
  26  2:33  Overlord  
  26  2:36  Zergling x2  
  27  2:45  Zergling x2  
  28  2:54  Zergling x2  
  28  2:55  Zergling x6  
  32  2:58  Zergling x2  
  32  2:59  Zergling x2  
  34  3:11  Zergling x2  
  34  3:12  Zergling x2  
  36  3:22  Zergling x4  
  36  3:34  Zergling x2  
  36  3:35  Zergling x10  
  36  3:36  Zergling x2  
  36  3:40  Zergling x2  
  43  3:45  Zergling x2  
  43  3:58  Zergling x2  
  43  4:00  Zergling x2  
  43  4:02  Zergling x2  
  43  4:12  Zergling x2  
  44  4:23  Spore Crawler  
  43  4:26  Drone x2, Spine Crawler  
  42  4:47  Spore Crawler  
Show
View Real Time Build Order
Export as new Build Order

Adversity Terran - Winner!

Build Orders:  

Get SALT Encoding   

  12  0:02  SCV  
  13  0:14  SCV  
  13  0:18  Supply Depot  
  14  0:26  SCV  
  15  0:31  Refinery  
  15  0:40  SCV  
  16  0:48  Barracks  
  16  0:52  SCV  
  17  1:04  SCV  
  18  1:16  Barracks  
  18  1:25  SCV  
  19  1:35  Barracks  
  19  1:36  Reaper  
  20  1:48  Orbital Command  
  20  1:59  Supply Depot  
  20  2:03  Reaper  
  21  2:11  Reaper  
  21  2:14  SCV  
  23  2:22  Reaper  
  24  2:25  Supply Depot  
  24  2:31  Refinery, SCV  
  24  2:35  Reaper  
  26  2:43  SCV  
  27  2:50  Reaper  
  28  3:00  Reaper  
  29  3:10  Command Center  
  29  3:11  Reaper  
  30  3:22  Reaper, SCV  
  30  3:24  Supply Depot  
  31  3:36  Reaper  
  31  3:39  SCV  
  31  3:41  Engineering Bay  
  33  3:46  Reaper  
  34  3:51  SCV  
  35  4:06  Reaper  
  35  4:08  SCV  
  35  4:09  Missile Turret  
  37  4:12  Barracks x2  
  37  4:16  Reaper  
  36  4:38  Missile Turret  
Tags
 
Add a new tag
Caveats
  • Supply blocks, unpowered buildings, or Contaminate may cause inaccurate times.
  • Supply counts are checked every 10 seconds.